 Dungeon Crawl Stone Soup version 0.27.0-1-g7a089689b8 (webtiles) character file.

Game seed: 369714135659764488

47 Amplified the Vexing (level 3, -4/33 (36) HPs)
             Began as an Ogre Arcane Marksman on Aug 4, 2021.
             Was a Follower of Nemelex Xobeh.
             Killed by nerve-wracking pain
             ... invoked by a shadow imp
             ... summoned by Natasha
              (9 damage)
             ... on level 2 of the Dungeon.
             The game lasted 00:03:24 (1889 turns).

Amplified the Vexing (Ogre Arcane Marksman)         Turns: 1889, Time: 00:03:24

HP:   -4/33 (36)    AC:  4    Str: 15    XL:     3   Next: 70%
MP:   6/6           EV:  9    Int: 14    God:    Nemelex Xobeh [*.....]
Gold: 53            SH:  0    Dex:  9    Spells: 3/6 levels left

rFire    . . .     SeeInvis +   d - +0 club
rCold    . . .     Faith    .   (no shield)
rNeg     . . .     Spirit   .   a - +1 robe
rPois    .         Reflect  .   (helmet restricted)
rElec    .         Harm     .   f - scarf {+Inv}
rCorr    .         Rampage  .   (gloves unavailable)
Will     .....                  (boots unavailable)
Stlth    +.........             (no amulet)
HPRegen  0.11/turn              e - ring of see invisible
MPRegen  0.10/turn              (no ring)

@: slowed, drained, very slow
A: large, unfitting armour, tough skin 1
a: Renounce Religion, Evoke Invisibility, Draw Escape, Draw Destruction, Draw
Summoning


You were on level 2 of the Dungeon.
You worshipped Nemelex Xobeh.
Nemelex Xobeh was aware of your devotion.
You visited 1 branch of the dungeon, and saw 2 of its levels.

You collected 53 gold pieces.

Inventory:

Hand Weapons
 d - a +0 club (weapon)
Armour
 a - a +1 robe (worn)
 f - a scarf of invisibility (worn)
Jewellery
 e - a ring of see invisible (left hand)


   Skills:
 * Level 2.5 Fighting
 * Level 2.7 Throwing
 - Level 1.7 Dodging
 * Level 2.3 Spellcasting
 + Level 2.9 Hexes


You had 3 spell levels left.
You knew the following spells:

 Your Spells              Type           Power      Damage    Failure   Level
a - Corona                Hex            10%        N/A       7%          1
b - Slow                  Hex            9%         N/A       11%         2

Your spell library contained the following spells:

 Spells                   Type           Power      Damage    Failure   Level
 Inner Flame              Hex/Fire       5%         N/A       36%         3
 Portal Projectile        Hex/Tloc       10%        N/A       36%         3
 Cause Fear               Hex            4%         N/A       56%         4


Dungeon Overview and Level Annotations

Branches:
Dungeon (2/15)

Altars:
Nemelex Xobeh

Annotations:
D:2 Natasha


Innate Abilities, Weirdness & Mutations

You are too large for most types of armour.
You have tough skin. (AC +1)


Message History

Aim: Natasha (almost dead, 47% to hit)
You throw a large rock. The large rock barely misses Natasha.
Natasha seems to regain her courage.
Natasha casts a spell.
Natasha stares at you and mumbles some strange words.
The magic dart hits you.
You aren't carrying any potions.
Unknown command.
As you read the scroll of fear, it crumbles to dust.
You assume a fearsome visage.
Natasha looks frightened!
The shadow imp is unaffected.
Unknown command.
The shadow imp hits you.
Things that are here:
a large rock; a worm corpse
b - a large rock The shadow imp barely misses you.
Throw: large rock
Press: ? - help, Q - select action, (/) - cycle Shift-Dir - straight line, f/p - Natasha
Aim: Natasha (almost dead, fleeing, 47% to hit)
You throw a large rock.
The large rock completely misses Natasha.
Cornered, Natasha turns to fight!
Natasha stares at you and mumbles some strange words.
The magic dart hits you.
* * * LOW HITPOINT WARNING * * *
The shadow imp barely misses you. x2
The shadow imp hits you but does no damage.
Unknown command.
Unknown command.
Unknown command.
You aren't carrying any scrolls.
Unknown command.
You aren't carrying any potions.
Unknown command.
You feel drained.
You fail to use your ability.
The shadow imp gestures at you. Pain shoots through your body!
You die...
Your body disappears without a glow.

*,,,,,****#..........#,,,,
***,**,,,,,,...##...####,**,
*,,,********######.## *,,,>
*,*** *,,,,...##.# ****,
*,** #,****#.##.# ** *,,*
#.*####..#.# * **,*
####.##.......# * *,*
#.......#.....# * *,*
#..((5@..)....#* ****** *,*
#..?.(###......#**,,,,,
***,* #...h.*
#.###......>,,, *,,,*
#(....**#.# ##.###.,,,,
*,*** #.....,,..# *.# ******
*,* #(....,.### *.# **, *,*
########**** *,* *,* *,*
*,,,,,,,* *,*******, *,*
*,*****,* *,,,,,* **


You could see Natasha and a shadow imp (summoned).

Vanquished Creatures
  A gnoll (D:1)
  A worm (D:2)
  2 ball pythons (D:1)
  3 endoplasms (D:1)
  4 giant cockroaches (D:1)
  4 goblins (D:1)
  3 hobgoblins (D:1)
  6 jackals
  2 bats (D:1)
  A frilled lizard (D:1)
  A kobold (D:1)
  2 rats
30 creatures vanquished.

Notes
Turn   | Place    | Note
-------+----------+-------------------------------------------
     0 | D:1      | Amplified the Ogre Arcane Marksman began the quest for the
                  | Orb.
     0 | D:1      | Reached XP level 1. HP: 19/19 MP: 2/2
   464 | D:1      | Reached XP level 2. HP: 22/28 MP: 0/4
   765 | D:1      | Reached XP level 3. HP: 35/35 MP: 5/5
  1589 | D:1      | Learned a level 2 spell: Slow
  1603 | D:2      | Found a faded altar of an unknown god.
  1635 | D:2      | Became a worshipper of Nemelex Xobeh the Trickster
  1635 | D:2      | Reached * piety under Nemelex Xobeh
  1863 | D:2      | Noticed Natasha
  1889 | D:2      | Killed from afar by a shadow imp

Illustrated notes

Levels and vault maps discovered:
D:1:      dpeg_arrival_rooms_with_view, layout_basic
D:2:      layout_loops_cross, shapermc_ecumenical_altar_mp_highgroup,
          roderic_malta_cross, grunt_ministairs_8, minmay_divided_ellipse,
          uniq_crazy_yiuf_cottage, uniq_natasha

Skill      XL: |  1  2  3 |
---------------+----------+-----
Fighting       | 2 |  2.5
Spellcasting   | 2 |  2.3
Throwing       | |  2.7
Dodging        | |  1.7
Hexes          | |  2.9

Action                   || total
-------------------------++-------
Melee: Unarmed           ||    12
       Club              ||   141
Throw: Large rock        ||    13
       Throwing net      ||     2
       Javelin           ||     6
 Cast: Corona            ||    13
  Use: Potion            ||     1
       Scroll            ||     6
Armor: Robe              ||    52
       Skin              ||    51
Dodge: Dodged            ||    91
